 Dungeon Sprint DCSS version 0.31.0 (webtiles) character file.

Game seed: 11972658770429187516

1574 Heoruswealwe the Impaler (level 8, 0/83 HPs)
             Began as a Minotaur Fighter on Jan 20, 2024.
             Was an Initiate of Gozag.
             Engulfed by a cloud of steam (3 damage)
             ... in the Dungeon (Sprint IX: "|||||||||||||||||||||||||||||").
             The game lasted 00:01:54 (159 turns).

Heoruswealwe the Impaler (Minotaur Fighter)          Turns: 159, Time: 00:01:54

Health: 0/83       AC: 23    Str: 25    XL:     8   Next: 59%
Magic:  7/7        EV:  9    Int:  5    God:    Gozag
Gold:   0          SH:  0    Dex: 11    Spells: 7/7 levels left

rFire   . . .        b - +2 halberd (protect)
rCold   . . .        (shield currently unavailable)
rNeg    . . .        c - +1 chain mail
rPois   .            (helmet restricted)
rElec   .            h - +0 cloak
rCorr   .            (no gloves)
SInv    .            e - +0 pair of boots
Will    .....        (no amulet) Stlth
                     k - +3 ring of strength
HPRegen 0.33/turn    (no ring)
MPRegen 0.10/turn

%: no teleportation
@: gold aura, under a protective aura
A: horns 2, retaliatory headbutt
a: Renounce Religion, Potion Petition, Call Merchant, Bribe Branch


You were in the Dungeon.
You worshipped Gozag.
Gozag was noncommittal.
You visited 1 branch

Inventory:

Hand Weapons
 a - a +0 trident
 b - a +2 halberd of protection (weapon)
Armour
 c - a +1 chain mail (worn)
 d - a +0 buckler
 e - a +0 pair of boots (worn)
 h - a +0 cloak (worn)
Jewellery
 k - a +3 ring of strength (left hand)
Wands
 l - a wand of light (10)
Scrolls
 j - 2 scrolls of blinking
Potions
 f - 3 potions of heal wounds
 g - a potion of haste
 i - a potion of berserk rage
 m - 4 potions of curing
 n - a potion of might


   Skills:
 + Level 12.1 Fighting
 * Level 16.1 Polearms
 + Level 12.1 Armour
 - Level 3.6 Shields


You had 7 spell levels left.
You didn't know any spells.
Your spell library was empty.

Dungeon Overview and Level Annotations

Branches:
Dungeon (1/1)

Altars:
Cheibriados
Dithmenos
Elyvilon
Fedhas
Gozag
Hepliaklqana
Kikubaaqudgha
Makhleb
Nemelex Xobeh
Okawaru
Qazlal
Ru
Sif Muna
Trog
Uskayaw
Vehumet
Wu Jian
Xom
Yredelemnul
Zin
The Shining One
Jiyva
Lugonu


Innate Abilities, Weirdness & Mutations

You have a pair of horns on your head.
You reflexively headbutt those who attack you in melee.


Message History

The ball of steam hits you!
* * * LOW HITPOINT WARNING * * *
You hit the steam dragon but do no damage.
Your headbutt misses the steam dragon.
The steam dragon is moderately wounded.
You are engulfed in a cloud of scalding steam.
The steam dragon bites you but does no damage.
The steam dragon claws you but does no damage.
You slash the steam dragon!
The steam dragon is heavily wounded.
You are engulfed in a cloud of scalding steam.
* * * LOW HITPOINT WARNING * * *
You puncture the steam dragon!
You kill the steam dragon!
You are engulfed in a cloud of scalding steam.
* * * LOW HITPOINT WARNING * * *
Your Fighting skill increases to level 12!
Your Polearms skill increases to level 16!
Your Armour skill increases to level 12!
You hit the kobold brigand.
The kobold brigand is lightly wounded.
You are engulfed in a cloud of scalding steam.
The kobold brigand barely misses you.
You hit the kobold brigand.
The kobold brigand is lightly wounded.
You are engulfed in a cloud of scalding steam.
The kobold brigand barely misses you.
You closely miss the kobold brigand.
The kobold brigand is lightly wounded.
You are engulfed in a cloud of scalding steam.
You closely miss the kobold brigand.
The kobold brigand is lightly wounded.
You are engulfed in a cloud of scalding steam.
The kobold brigand barely misses you. You furiously retaliate!
You headbutt the kobold brigand! You barely miss the kobold brigand.
The kobold brigand is heavily wounded.
You are engulfed in a cloud of scalding steam.
You die...
Your body crumbles into a pile of gold. ▓▓▓▓▓▓▓▓▓▓▓▓▓▓▓▓▓▓▓▓▓▓▓▓ ......K@.§.=[)?!'_______ ▓▓▓▓▓▓▓▓▓▓▓▓▓▓▓▓▓▓▓▓▓▓▓▓

You could see a kobold brigand.

Vanquished Creatures
  2 two-headed ogres (D)
  A steam dragon (D)
  A yak (D)
  A scorpion (D)
  A killer bee (D)
  2 adders (D)
  A gnoll (D)
  A dart slug (D)
  3 giant cockroaches (D)
  A hobgoblin (D)
  A bat (D)
15 creatures vanquished.

Notes
Turn   | Place    | Note
-------+----------+-------------------------------------------
     0 | D        | Heoruswealwe the Minotaur Fighter began the quest for the
                  | Orb.
     0 | D        | Reached XP level 1. HP: 19/19 MP: 0/0
     5 | D        | Reached skill level 3 in Polearms
    18 | D        | Noticed a scorpion
    27 | D        | Killed a scorpion
    28 | D        | Reached skill level 5 in Fighting
    28 | D        | Reached skill level 7 in Polearms
    28 | D        | Reached skill level 5 in Armour
    28 | D        | Reached XP level 2. HP: 22/30 MP: 1/1
    28 | D        | Reached XP level 3. HP: 27/37 MP: 2/2
    31 | D        | Reached XP level 4. HP: 33/44 MP: 3/3
    42 | D        | Found a snail-covered altar of Cheibriados.
    42 | D        | Found a shadowy altar of Dithmenos.
    42 | D        | Found a white marble altar of Elyvilon.
    42 | D        | Found a blossoming altar of Fedhas.
    42 | D        | Found an opulent altar of Gozag.
    43 | D        | Found a hazy altar of Hepliaklqana.
    44 | D        | Found a viscous altar of Jiyva.
    45 | D        | Found an ancient bone altar of Kikubaaqudgha.
    46 | D        | Found a corrupted altar of Lugonu.
    47 | D        | Found a burning altar of Makhleb.
    48 | D        | Found a sparkling altar of Nemelex Xobeh.
    49 | D        | Found an iron altar of Okawaru.
    50 | D        | Became a worshipper of Gozag Ym Sagoz the Greedy
    51 | D        | Found a stormy altar of Qazlal.
    52 | D        | Found a sacrificial altar of Ru.
    53 | D        | Found a shimmering blue altar of Sif Muna.
    54 | D        | Found a bloodstained altar of Trog.
    55 | D        | Found a hide-covered altar of Uskayaw.
    56 | D        | Found a radiant altar of Vehumet.
    57 | D        | Found an ornate altar of the Wu Jian Council.
    58 | D        | Found a shimmering altar of Xom.
    59 | D        | Found a basalt altar of Yredelemnul.
    60 | D        | Found a glowing silver altar of Zin.
    61 | D        | Found a glowing golden altar of the Shining One.
   127 | D        | Noticed a two-headed ogre
   127 | D        | Noticed a kobold brigand
   127 | D        | Noticed a two-headed ogre
   127 | D        | Noticed a steam dragon
   127 | D        | Noticed a yak
   129 | D        | Reached skill level 8 in Polearms
   129 | D        | Reached XP level 5. HP: 52/52 MP: 4/4
   136 | D        | Killed a yak
   137 | D        | Reached skill level 10 in Polearms
   137 | D        | Reached XP level 6. HP: 45/62 MP: 5/5
   142 | D        | Killed a two-headed ogre
   143 | D        | Reached skill level 10 in Fighting
   143 | D        | Reached skill level 14 in Polearms
   143 | D        | Reached skill level 10 in Armour
   143 | D        | Reached XP level 7. HP: 34/73 MP: 6/6
   148 | D        | Killed a two-headed ogre
   149 | D        | Reached skill level 15 in Polearms
   149 | D        | Reached XP level 8. HP: 17/83 MP: 7/7
   153 | D        | HP: 3/83 [steam dragon] (4)]
   155 | D        | Reached skill level 16 in Polearms
   159 | D        | Engulfed by a cloud of steam

Illustrated notes

Levels and vault maps discovered:
D:        linesprint [early_d, line_temple, items_1, d_10, items_2, lair_1,
          lair_end, items_3, orc_1, orc_end, items_4, d_15, swamp_1, shoals_1,
          snake_1, spider_1, d_20, vaults_1, items_5, swamp_end, shoals_end,
          snake_end, spider_end, vaults_end, d_27, items_6, zot_1, zot_end,
          crypt_end, forest_end, elf_end, slime_end, tomb_end, abyss_end,
          pan_hell_end]

Skill      XL: |  1  2  3  4  5  6  7  8 |
---------------+-------------------------+-----
Polearms       | 7 8 10 14 15 16 | 16.1
Fighting       | 5 6 7 8 10 11 12 | 12.1
Armour         | 5 6 7 8 10 11 12 | 12.1
Shields        | |  3.6

Action                     |  1- 3 |  4- 6 |  7- 9 || total
---------------------------+-------+-------+-------++-------
  Melee: Trident           |    19 |     5 |       ||    24
         Headbutt          |     7 |     6 |     3 ||    16
         Halberd           |       |    15 |    17 ||    32
    Use: Potion            |     1 |       |       ||     1
 Armour: Scale mail        |    11 |     1 |       ||    12
         Chain mail        |       |     8 |    15 ||    23
  Dodge: Dodged            |     9 |     8 |     7 ||    24
  Block: Buckler           |     3 |       |       ||     3
